 Dungeon Crawl Stone Soup version 0.29.1-12-g30fa7ad0bf (webtiles) character file.

Game seed: 17210489696942719686

313 OTABOTABOTAB the Caller (level 6, 0/39 HPs)
             Began as an Octopode Summoner on Jan 16, 2023.
             Slain by an orc
             ... wielding a +0 dagger
              (4 damage)
             ... on level 4 of the Dungeon.
             The game lasted 00:12:23 (6522 turns).

OTABOTABOTAB the Caller (Octopode Summoner)         Turns: 6522, Time: 00:12:23

Health: 0/39       AC:  1    Str: 17    XL:     6   Next: 43%
Magic:  3/11       EV: 13    Int: 19    God:
Gold:   274        SH:  0    Dex: 13    Spells: 3/12 levels left

rFire   . . .      SeeInvis .   k - +9 mace "Qackell" {vorpal, Str+4}
rCold   . . .      Faith    .   (no shield)
rNeg    . . .      Spirit   .   (helmet restricted)
rPois   .          Reflect  .   (no amulet)
rElec   .          Harm     .   j - ring of the Living God {rCorr Str+6}
rCorr   +          Rampage  .   (no ring)
Will    .....                   (no ring)
Stlth   +++.......              (no ring)
HPRegen 0.13/turn               (no ring)
MPRegen 0.12/turn               (no ring)
                                (no ring)
                                (no ring)

@: no status effects
A: almost no armour, amphibious, 8 rings, camouflage 1, gelatinous body 1,
(nimble swimmer 1), tentacles
a: no special abilities


You were on level 4 of the Dungeon.
You visited 2 branches of the dungeon, and saw 5 of its levels.

You collected 274 gold pieces.

Inventory:

Hand Weapons
 a - a +0 sling
   (You found it on level 1 of the Dungeon)
 k - the +9 mace "Qackell" (weapon) {vorpal, Str+4}
   (You found it on level 2 of the Dungeon)

   It inflicts extra damage upon your enemies.
   Str:       It affects your strength (+4).
Missiles
 g - 3 poisoned darts
 s - 19 stones
Jewellery
 j - the ring of the Living God (left tentacle) {rCorr Str+6}
   (You found it on level 2 of the Dungeon)

   [ring of resist corrosion]

   Str:       It affects your strength (+6).
   rCorr:     It protects you from acid and corrosion.
Scrolls
 b - 2 scrolls of teleportation {unknown}
 c - 2 scrolls of blinking {unknown}
 d - a scroll of fog {unknown}
 m - 2 scrolls of vulnerability {unknown}
 n - a scroll of enchant weapon {unknown}
Potions
 h - a potion of lignification {unknown}
 i - a potion of mutation {unknown}
 L - 3 potions of flight
 M - a potion of magic
 N - a potion of heal wounds {@q2}


   Skills:
 + Level 1.8 Fighting
 + Level 3.0 Dodging
 - Level 2.6 Stealth
 + Level 3.7 Spellcasting
 + Level 1.9 Hexes
 + Level 5.3 Summonings


You had 3 spell levels left.
You knew the following spells:

 Your Spells              Type           Power      Damage    Failure   Level
a - Summon Small Mammal   Summ           92%        N/A       1%          1
b - Call Canine Familiar  Summ           23%        N/A       4%          3
c - Call Imp              Summ           23%        N/A       2%          2
d - Summon Guardian Gole  Hex/Summ       17%        N/A       10%         3

Your spell library contained the following spells:

 Spells                   Type           Power      Damage    Failure   Level
 Apportation              Tloc           6%         N/A       14%         1
 Necrotise                Necr           12%        1d4       14%         1
 Summon Lightning Spire   Summ/Air       13%        N/A       43%         4
 Corpse Rot               Necr/Pois/Air  3%         N/A       80%         4
 Dispel Undead            Necr           3%         3d7       80%         4
 Death Channel            Necr           1%         N/A       100%        6


Dungeon Overview and Level Annotations

Branches:
Dungeon (4/15)             Temple (1/1) D:4

Altars:
Ashenzari
Cheibriados
Dithmenos
Elyvilon
Fedhas
Hepliaklqana
Kikubaaqudgha
Makhleb
Nemelex Xobeh
Qazlal
Ru
Sif Muna
Trog
Uskayaw
Vehumet
Wu Jian
Xom
Yredelemnul
The Shining One


Innate Abilities, Weirdness & Mutations

You cannot wear most types of armour.
You are amphibious.
You can wear up to eight rings at the same time.
Your skin changes colour to match your surroundings (Stealth+).
Your rubbery body absorbs attacks. (AC +1, EV +1)
((You are camouflaged when in or above water. (Stealth+)))
You have tentacles for arms and can constrict up to eight enemies at once.


Message History

Your hound bites the orc.
Your bat hits the orc.
Your bat hits the orc but does no damage.
The orc hits your hound with a +0 dagger.
The orc misses your bat. The orc closely misses your hound.
The orc barely misses your bat.
The orc hits your hound but does no damage.
The orc completely misses your bat. The orc barely misses you.
Your bat closely misses the orc.
Your hound bites the orc but does no damage.
You take 4 damage, and have 35/39 hp.
Unknown command.
You swap places.
Your bat hits the orc but does no damage. x2
Your hound bites the orc.
The orc closely misses your hound. The orc closely misses you.
The orc hits your hound but does no damage.
The orc hits your crimson imp with a +0 war axe.
The orc hits you with a +0 war axe.
Your bat hits the orc but does no damage.
Your crimson imp hits the orc but does no damage.
Your bat barely misses the orc.
You take 3 damage, and have 32/39 hp.
Your bat misses the orc.
Your hound completely misses the orc.
The orc hits your hound with a +0 dagger.
The orc barely misses your hound.
The orc closely misses your crimson imp.
The orc closely misses you.
The orc hits your bat with a +0 war axe.
Your bat dies!
Your bat's corpse disappears in a puff of smoke!
The orc barely misses you.
The orc hits your crimson imp with a +0 dagger.
Your hound barely misses the orc.
Your crimson imp hits the orc.
The orc dies!
Your bat misses the orc.
The orc hits your hound with a +0 dagger.
Your hound bites the orc but does no damage.
The orc hits your crimson imp but does no damage.
The orc hits your hound with a +0 hand axe.
Your hound dies!
Your hound's corpse disappears in a puff of smoke!
The orc completely misses your bat.
The orc hits your crimson imp with a +0 dagger.
Your crimson imp hits the orc.
Your bat hits the orc but does no damage.
The orc barely misses you. The orc misses your crimson imp.
The orc hits your bat with a +0 hand axe.
Your bat dies!
Your bat's corpse disappears in a puff of smoke!
The orc hits your crimson imp but does no damage.
Your crimson imp hits the orc.
The orc attacks as you move away! The orc hits you with a +0 dagger.
The orc hits your crimson imp but does no damage.
The orc hits you with a +0 dagger.
Your crimson imp hits the orc but does no damage.
You take 7 damage, and have 25/39 hp.
The orc attacks as you move away! The orc hits you but does no damage.
The orc closely misses your crimson imp.
Your crimson imp hits the orc.
The orc attacks as you move away! The orc hits you with a +0 dagger.
The orc hits your crimson imp with a +0 short sword.
Your crimson imp hits the orc.
You take 4 damage, and have 22/39 hp.
The orc barely misses your crimson imp. The orc hits you with a +0 dagger.
Your crimson imp barely misses the orc.
You take 4 damage, and have 18/39 hp.
The orc barely misses your crimson imp.
Your crimson imp hits the orc.
The orc attacks as you move away! The orc hits you with a +0 dagger.
The orc hits your crimson imp with a +0 short sword.
The orc hits you with a +0 dagger.
Your crimson imp barely misses the orc.
You take 2 damage, and have 16/39 hp.
The orc closely misses your crimson imp.
The orc hits you with a +0 dagger. x2
* * * LOW HITPOINT WARNING * * *
The orc closely misses you.
Your crimson imp hits the orc.
You take 5 damage, and have 11/39 hp.
You now have 2/11 mp.
The orc barely misses you. The orc misses you.
Your hound bites the orc.
The orc dies!
The orc barely misses your crimson imp.
Your crimson imp hits the orc but does no damage.
Your Dodging skill increases to level 3!
You swap places.
Your crimson imp disappears in a puff of smoke!
What are your orders? t - Shout!
Orders for allies: a - Attack new target. r - Retreat! s - Stop attacking. g - Guard the area. f - Follow me.
Anything else - Cancel.
Gang up on whom?
Aim: an orc, wielding a +0 dagger and wearing a +0 ring mail (moderately wounded) Attack!
The orc hits you with a +0 hand axe.
* * * LOW HITPOINT WARNING * * *
The orc hits you with a +0 dagger.
* * * LOW HITPOINT WARNING * * *
Your hound barely misses the orc.
You take 8 damage, and have 4/39 hp.
MASSIVE DAMAGE!!
The orc attacks as you move away! The orc hits you with a +0 dagger.
You die...

...#....#....'......#.....#
...#....#....#......#.....#
...#....#....#..<...#.....#
...#....#....#......'.....#
...###########.÷....#####'#
...............######.....#
...............#.......)..#
...............#..........#
##.##..........#@.h.o.....#
....#.......†..#oo........#
......######'###.)........#
.⌠..#..........#..........#
....#..........#...##.....#
...............#...##.....#
....#..........#..........#
.⌠..#....#######...##.....#
.........## #...# ....


You could see 3 orcs and a friendly hound (summoned).

Vanquished Creatures
  A giant cockroach (D:1)
1 creature vanquished.

Vanquished Creatures (collateral kills)
  A scorpion (D:4)
  A jelly (D:4)
  2 iguanas
  An orc wizard (D:4)
  6 adders
  A worm (D:4)
  A dart slug (D:1)
  11 orcs
  11 bats
  4 endoplasms
  A giant cockroach (D:1)
  9 goblins
  2 hobgoblins (D:1)
  6 jackals
  3 quokkas
  6 ball pythons
  4 frilled lizards
  7 kobolds
  5 rats
82 creatures vanquished.

Grand Total: 83 creatures vanquished

Notes
Turn   | Place    | Note
-------+----------+-------------------------------------------
     0 | D:1      | OTABOTABOTAB the Octopode Summoner began the quest for the
                  | Orb.
     0 | D:1      | Reached XP level 1. HP: 11/11 MP: 3/3
   151 | D:1      | HP: 2/11 [hobgoblin (4)]
   691 | D:1      | Reached XP level 2. HP: 16/17 MP: 1/5
   694 | D:1      | Learned a level 2 spell: Call Imp
  1456 | D:1      | Reached XP level 3. HP: 21/21 MP: 1/6
  1460 | D:1      | Learned a level 3 spell: Call Canine Familiar
  2349 | D:2      | Identified the ring of the Living God {rCorr Str+6}
  2571 | D:2      | Found the +4 Cigotuvi's embrace {rMiasma Drain rN+}
  2797 | D:2      | Identified the +9 mace "Qackell" {vorpal, Str+4}
  2887 | D:2      | Found a faded altar of an unknown god.
  3225 | D:2      | Reached skill level 3 in Spellcasting
  3425 | D:3      | Found an ancient bone altar of Kikubaaqudgha.
  3426 | D:3      | Found a hide-covered altar of Uskayaw.
  3427 | D:3      | Found a sacrificial altar of Ru.
  3475 | D:3      | Reached XP level 4. HP: 27/27 MP: 1/8
  3479 | D:3      | Learned a level 3 spell: Summon Guardian Golem
  3676 | D:3      | HP: 3/27 [iguana (11)]
  4617 | D:3      | Found a shimmering altar of Xom.
  4821 | D:4      | Found a shadowy altar of Dithmenos.
  5007 | D:4      | Found a radiant altar of Vehumet.
  5157 | D:4      | Reached skill level 1 in Fighting
  5157 | D:4      | Reached skill level 1 in Hexes
  5157 | D:4      | Reached skill level 5 in Summonings
  5157 | D:4      | Reached XP level 5. HP: 33/33 MP: 0/10
  5763 | D:4      | Reached XP level 6. HP: 38/38 MP: 5/11
  6025 | D:4      | Found a staircase to the Ecumenical Temple.
  6034 | Temple   | Entered the Ecumenical Temple
  6519 | D:4      | Reached skill level 3 in Dodging
  6521 | D:4      | HP: 7/39 [orc/+0 hand axe (5)]
  6522 | D:4      | Slain by an orc

Illustrated notes

Levels and vault maps discovered:
D:1:      roderic_octagonal_star, layout_loops_ring
D:2:      layout_basic, chequers_ecumenical_altar_grove
D:3:      layout_basic, mainiacjoe_overflow_tiny_flanked,
          nicolae_kikubaaqudgha_miasma_corner,
          chequers_temple_overflow_statue_of_worship,
          amcnicky_mini_rare_corridor_liquid
D:4:      layout_gridville, grunt_dithmenos_smoke_and_mirrors,
          amcnicky_altar_gilded, minmay_temple_entry_large_hall,
          minmay_diced_spiral, uniq_blork_the_orc
Temple:   nicolae_temple_figure_eight

Skill      XL: |  1  2  3  4  5  6 |
---------------+-------------------+-----
Spellcasting   | 3 |  3.7
Fighting       | 1 |  1.8
Hexes          | 1 |  1.9
Summonings     | 5 |  5.3
Dodging        | 3 |  3.0
Stealth        | |  2.6

Action                   |  1- 3 |  4- 6 || total
-------------------------+-------+-------++-------
Melee: Short sword       |     1 |       ||     1
       Constrict         |     1 |       ||     1
 Fire: Sling             |     7 |       ||     7
 Cast: Summon Small Mamm |    52 |    27 ||    79
       Call Imp          |    20 |    18 ||    38
       Call Canine Famil |    16 |    21 ||    37
  Use: Scroll            |       |     3 ||     3
Armor: Skin              |     2 |     4 ||     6
Dodge: Dodged            |    13 |    30 ||    43

Table legend: (Time is in decaauts)
 A = Elapsed time spent in this place.
 B = Non-inter-level travel time spent in this place.
 C = Inter-level travel time spent in this place.
 D = Time resting spent in this place.
 E = Time spent auto-exploring this place.
 F = Levels seen in this place.
 G = Mean time per level.
                   A        B        C        D        E       F      G
               +--------+--------+--------+--------+--------+-----+--------+
         Total |   6522 |   6338 |    184 |    828 |   4612 |   5 | 1304.4 |
       Dungeon |   6298 |   6131 |    167 |    828 |   4410 |   4 | 1574.5 |
        Temple |    223 |    206 |     17 |      0 |    202 |   1 |  223.0 |
               +--------+--------+--------+--------+--------+-----+--------+

Top non-repeatable levels by time:
     D:1: 2050 daAuts
     D:4: 1498 daAuts
     D:3: 1441 daAuts
     D:2: 1307 daAuts
  Temple: 223 daAuts

Table legend:
 A = Kills in this place as a percentage of kills in entire the game.
 B = Kills by you in this place as a percentage of kills by you in the entire game.
 C = Kills by friends in this place as a percentage of kills by friends in the entire game.
 D = Other kills in this place as a percentage of other kills in the entire game.
 E = Experience gained in this place as a percentage of experience gained in the entire game.
 F = Experience gained in this place divided by the number of levels of this place that you have seen.
                   A       B       C       D       E      F
               +-------+-------+-------+-------+-------+----------------------
         Total | 100.0 | 100.0 | 100.0 |   N/A | 100.0 |  89.6
       Dungeon | 100.0 | 100.0 | 100.0 |   N/A | 100.0 | 112.0
               +-------+-------+-------+-------+-------+----------------------
